 Dungeon Crawl Stone Soup version 0.18-a0-1160-geb89fc2 (webtiles) character file.

101440 Duffy the Vine Aeon (level 16, -13/85 HPs)
             Began as a Vine Stalker Enchanter on Jan 24, 2016.
             Was the Champion of Cheibriados.
             Mangled by a skeletal warrior
             ... wielding a +0 battleaxe
             ... led by a death knight
              (21 damage)
             ... on level 15 of the Dungeon.
             The game lasted 01:02:51 (25028 turns).

Duffy the Vine Aeon (Vine Stalker Enchanter)       Turns: 25028, Time: 01:02:51

Health: -13/85     AC: 29    Str: 28    XL:     16   Next: 30%
Magic:  0/28       EV: 17    Int: 30    God:    Cheibriados [******]
Gold:   643        SH: 10    Dex: 35    Spells: 6 memorised, 12 levels left

rFire  . . .     SeeInvis .     a - +9 demon blade (drain)
rCold  . . .     Gourm    .     c - +2 chain mail {rPois}
rNeg   . . .     Faith    .     k - +2 buckler
rPois  +         Spirit   +     E - +0 helmet
rElec  .         Dismiss  .     R - +0 cloak
rCorr  .         Reflect  .     f - +2 pair of gloves
SustAt .         Harm     .     S - +0 pair of boots
MR     ++...                    d - amulet of magic regeneration
Stlth  +++.......               t - +3 ring of protection
                                v - ring of Robustness {AC+8}

@: slowed, very slow, very resistant to hostile enchantments, fairly stealthy
A: fangs 3, regeneration 3, magic shield, antimagic bite, no device heal 3, rot
immunity
a: Bend Time, Temporal Distortion, Slouch, Step From Time, Renounce Religion


You were on level 15 of the Dungeon.
You worshipped Cheibriados.
Cheibriados was exalted by your worship.
You were not hungry.

You visited 4 branches of the dungeon, and saw 26 of its levels.

You collected 3099 gold pieces.
You spent 2456 gold pieces at shops.


Innate Abilities, Weirdness & Mutations

You have razor-sharp teeth.
You regenerate.
When hurt, damage is shared between your health and your magic reserves.
Your bite disrupts and absorbs the magic of your enemies.
Potions and wands cannot restore your health.
You are immune to rotting.


   Skills:
 + Level 10.0 Fighting
   Level 4.0(10.0) Short Blades
 - Level 13.8(14.0) Long Blades
 + Level 4.4 Armour
 + Level 7.7 Dodging
 - Level 10.0 Stealth
 - Level 4.0 Shields
 - Level 6.0 Spellcasting
 - Level 10.0 Hexes
 - Level 15.8 Invocations


You had 12 spell levels left.
You knew the following spells:

 Your Spells              Type           Power        Failure   Level  Hunger
a - Ensorcelled Hibernat  Hex/Ice        #####.       6%          2    None
b - Regeneration          Chrm/Necr      #.........   82%         3    None
c - Confuse               Hex            ######..     1%          3    None
j - Dazzling Spray        Conj/Hex       #####...     12%         3    None
l - Tukima's Dance        Hex            ######..     1%          3    None
r - Corona                Hex            ######.      1%          1    None

Inventory:

Hand Weapons
 a - a +9 demon blade of draining (weapon)
 B - a +2 blowgun
Missiles
 j - 4 throwing nets (quivered)
 x - 80 poisoned needles
 I - 10 curare-tipped needles
Armour
 c - a +2 chain mail of poison resistance (worn)
 f - a +2 pair of gloves (worn)
 k - a +2 buckler (worn)
 E - a +0 helmet (worn)
 R - a +0 cloak (worn)
 S - a +0 pair of boots (worn)
Jewellery
 b - the ring "Susm" {MR+ Str+2}

   [ring of protection from magic]

   It affects your strength (+2).
   It affects your resistance to hostile enchantments.
 d - an amulet of magic regeneration (around neck)
 n - an uncursed ring of see invisible
 t - a +3 ring of protection (right hand)
 v - the ring of Robustness (left hand) {AC+8}

   [ring of protection]

   It affects your AC (+8).
 L - an uncursed ring of protection from cold
Wands
 r - a wand of cold (0/15)
 Q - a wand of digging (14/24)
 W - a wand of digging (10/24)
 Z - a wand of disintegration (7/24)
Scrolls
 e - 13 scrolls of remove curse
 g - 3 scrolls of enchant armour
 h - 3 scrolls of fog
 i - 2 scrolls of recharging
 o - 5 scrolls of magic mapping
 u - 7 scrolls of teleportation
 G - 3 scrolls of immolation
 J - a scroll of summoning
 K - a scroll of silence
 N - a scroll of holy word
 V - 3 scrolls of fear
Potions
 m - a potion of resistance
 p - 6 potions of agility
 s - 7 potions of curing
 z - 3 potions of flight
 C - 3 potions of ambrosia
 D - 5 potions of brilliance
 M - 3 potions of magic
 P - 6 potions of might
 U - a potion of lignification
 X - 2 potions of cancellation
Comestibles
 l - 2 chunks of flesh
 w - a beef jerky
 A - 17 royal jellies

Dungeon Overview and Level Annotations

Branches:
Dungeon (15/15)            Temple (1/1) D:7            Lair (8/8) D:10
 Shoals (0/4) Lair:4        Snake (0/4) Lair:3          Orc (2/2) D:10
    Elf (0/3) Orc:2        Vaults (0/5) D:13
  Slime: Lair:6-8    Depths: D:15

Altars:
Ashenzari
Cheibriados
Dithmenos
Elyvilon
Fedhas
Gozag
Kikubaaqudgha
Makhleb
Nemelex Xobeh
Okawaru
Pakellas
Qazlal
Ru
Sif Muna
Trog
Vehumet
Xom
Yredelemnul
Zin
The Shining One
Beogh

Shops:
D:7 (   D:12 (   Orc:2 ([*=!

Annotations:
D:15 exclusion: door
Lair:3 exclusion: 2 oklob plants
Lair:6 exclusion: oklob plant
Abyss:1 Joseph


Message History

Aim: a skeletal warrior, wielding a long sword (chance to defeat MR: 44%)
The skeletal warrior resists with some effort.
The skeletal warrior closely misses you.
The skeletal warrior hits you but does no damage. x2
Cast which spell? (? or * to list)
Aiming: Tukima's Dance
Press: ? - help, Shift-Dir - straight line, f/p - skeletal warrior
Aim: a skeletal warrior, wielding a long sword (chance to defeat MR: 44%)
The long sword dances into the air!
The skeletal warrior hits you. The skeletal warrior misses you.
The skeletal warrior hits you!
Cast which spell? (? or * to list)
Aiming: Tukima's Dance
Press: ? - help, Shift-Dir - straight line, f - skeletal warrior, p - skeletal warrior
Aim: a skeletal warrior, wielding a battleaxe (chance to defeat MR: 44%)
The skeletal warrior resists with some effort.
The skeletal warrior hits you!
The skeletal warrior closely misses you.
The skeletal warrior hits your long sword with a battleaxe!
Your long sword hits the skeletal warrior.
Cast which spell? (? or * to list)
Aiming: Tukima's Dance
Press: ? - help, Shift-Dir - straight line, f/p - skeletal warrior
Aim: a skeletal warrior, wielding a battleaxe (chance to defeat MR: 44%)
The skeletal warrior resists with some effort.
Your long sword hits the skeletal warrior!
The skeletal warrior hits you.
You block the skeletal warrior's attack.
The skeletal warrior closely misses your long sword.
Your long sword hits the skeletal warrior.
The skeletal warrior hits you!
Cast which spell? (? or * to list)
You don't have enough magic to cast that spell.
Your long sword hits the skeletal warrior!
The skeletal warrior hits you with a battleaxe!!
You die...

#.=..#........#......
#....#........#......
######........#......
#....#........#......
#....#........#......
#....#........#......
#....#........#......
#..(z.........#......
#..z@.........#......
#..#####...#..#######
.... #.......#...#
.... #.......#...#
### #...#############
#................
#................
#................
#####..##.#######.


You could see 2 skeletal warriors and a friendly long sword.

Action                   |  1- 3 |  4- 6 |  7- 9 | 10-12 | 13-15 | 16-18 || total
-------------------------+-------+-------+-------+-------+-------+-------++-------
Melee: Dagger            |    94 |   103 |   118 |       |       |       ||   315
       Rapier            |       |       |   114 |   353 |     1 |       ||   468
       Demon blade       |       |       |       |   157 |  1127 |   139 ||  1423
 Cast: Confuse           |     1 |    12 |    23 |    40 |    35 |     3 ||   114
       Ensorcelled Hiber |       |     7 |    40 |    56 |    17 |       ||   120
       Tukima's Dance    |       |       |     4 |    10 |    30 |    12 ||    56
       Dazzling Spray    |       |       |       |     4 |       |       ||     4
Invok: Slouch            |       |       |       |       |     5 |     2 ||     7
Evoke: Wand              |       |       |       |     4 |     4 |       ||     8
  Use: Scroll            |       |     5 |     6 |    18 |    13 |     2 ||    44
       Potion            |       |       |       |     2 |       |       ||     2
 Stab: Sleeping          |     9 |     9 |    29 |    63 |    50 |     2 ||   162
       Confused          |     2 |     8 |    16 |    14 |    17 |     2 ||    59
       Distracted        |       |       |     2 |     3 |     7 |     2 ||    14
  Eat: Chunk             |     2 |     5 |    19 |    10 |    18 |       ||    54
       Fruit             |       |       |       |     2 |       |       ||     2
       Pizza             |       |       |       |     2 |     2 |       ||     4
       Royal jelly       |       |       |       |       |     2 |       ||     2

Notes
Turn   | Place    | Note
--------------------------------------------------------------
     0 | D:1      | Duffy the Vine Stalker Enchanter began the quest for the Orb.
     0 | D:1      | Reached XP level 1. HP: 9/9 MP: 4/4
    89 | D:1      | Reached skill level 1 in Short Blades
   353 | D:1      | Reached XP level 2. HP: 14/14 MP: 6/6
   542 | D:1      | Learned a level 2 spell: Ensorcelled Hibernation
   882 | D:2      | Reached skill level 1 in Fighting
  1078 | D:2      | Reached XP level 3. HP: 15/18 MP: 7/7
  1462 | D:2      | Learned a level 3 spell: Confuse
  1505 | D:3      | Noticed a giant frog
  1515 | D:3      | Killed a giant frog
  1515 | D:3      | Reached skill level 2 in Short Blades
  1515 | D:3      | Reached XP level 4. HP: 17/22 MP: 8/9
  1717 | D:3      | Reached skill level 4 in Hexes
  1984 | D:3      | Reached XP level 5. HP: 25/25 MP: 10/10
  2093 | D:3      | Learned a level 3 spell: Tukima's Dance
  2215 | D:3      | Reached skill level 3 in Spellcasting
  2548 | D:4      | Gained mutation: You heal very quickly. [Vine Stalker growth]
  2548 | D:4      | Reached XP level 6. HP: 30/30 MP: 11/11
  2564 | D:4      | Reached skill level 3 in Short Blades
  2564 | D:4      | Reached skill level 4 in Stealth
  2564 | D:4      | Reached skill level 5 in Hexes
  2688 | D:4      | Noticed Pikel
  2688 | D:4      | Noticed a slave
  2689 | D:4      | Noticed a slave
  2689 | D:4      | Noticed a slave
  2689 | D:4      | Noticed a slave
  2710 | D:4      | Killed Pikel
  2710 | D:4      | Reached skill level 7 in Hexes
  2710 | D:4      | Reached XP level 7. HP: 26/33 MP: 8/12
  2934 | D:4      | Gained mutation: You have razor-sharp teeth. [Vine Stalker growth]
  2934 | D:4      | Reached XP level 8. HP: 37/37 MP: 13/13
  3002 | D:4      | Found an iron altar of Okawaru.
  3032 | D:4      | Reached skill level 5 in Stealth
  3033 | D:4      | Found a glowing golden altar of the Shining One.
  3033 | D:4      | Found an opulent altar of Gozag.
  3037 | D:4      | Found a shattered altar of Ashenzari.
  3038 | D:4      | Found a radiant altar of Vehumet.
  3366 | D:4      | Noticed YrmMerkstave's ghost (amateur DrTm)
  3390 | D:4      | Killed YrmMerkstave's ghost
  3890 | D:5      | Entered Level 5 of the Dungeon
  4056 | D:5      | Reached skill level 4 in Short Blades
  4056 | D:5      | Reached skill level 6 in Stealth
  4111 | D:5      | Found a blossoming altar of Fedhas.
  4112 | D:5      | Found a stormy altar of Qazlal.
  4184 | D:5      | Found a shadowy altar of Dithmenos.
  4200 | D:5      | Reached skill level 7 in Stealth
  4200 | D:5      | Reached skill level 8 in Hexes
  4300 | D:5      | Found a sacrificial altar of Ru.
  4633 | D:6      | Reached skill level 2 in Fighting
  4855 | D:6      | Noticed a hill giant
  4882 | D:6      | Killed a hill giant
  4882 | D:6      | Reached skill level 8 in Stealth
  4882 | D:6      | Reached XP level 9. HP: 33/43 MP: 14/14
  4941 | D:6      | Reached skill level 3 in Fighting
  4946 | D:6      | Found an ancient bone altar of Kikubaaqudgha.
  4946 | D:6      | Found a glowing silver altar of Zin.
  4947 | D:6      | Found a bloodstained altar of Trog.
  5192 | D:6      | Got a scorched rapier {venom}
  5193 | D:6      | Identified the +10 rapier of Light {venom, rPois rC++ Dex-4} (You found it on level 6 of the Dungeon)
  5247 | D:6      | Reached skill level 9 in Stealth
  5328 | D:6      | Found a basalt altar of Yredelemnul.
  5406 | D:6      | Found a white marble altar of Elyvilon.
  5709 | D:7      | Reached skill level 4 in Fighting
  5935 | D:7      | Found a staircase to the Ecumenical Temple.
  5944 | Temple   | Entered the Ecumenical Temple
  6122 | Temple   | Became a worshipper of Cheibriados the Contemplative
  6174 | D:7      | Reached skill level 10 in Stealth
  6225 | D:7      | Paralysed by an orc priest for 7 turns
  6282 | D:7      | Reached skill level 2 in Dodging
  6697 | D:7      | Reached skill level 4 in Spellcasting
  6734 | D:7      | Found Eqekyec's Weapon Boutique.
  6740 | D:7      | Reached XP level 10. HP: 32/50 MP: 17/17
  6743 | D:7      | Reached skill level 3 in Dodging
  6819 | D:7      | Noticed st0uf's ghost (novice OpAs)
  6988 | D:7      | Killed st0uf's ghost
  6988 | D:7      | Reached skill level 4 in Dodging
  6988 | D:7      | Reached skill level 5 in Spellcasting
  7103 | D:6      | Reached * piety under Cheibriados
  7598 | D:7      | Reached skill level 6 in Spellcasting
  7647 | D:7      | Learned a level 3 spell: Dazzling Spray
  7726 | D:8      | Reached skill level 9 in Hexes
  7733 | D:8      | Reached ** piety under Cheibriados
  7835 | D:8      | Reached skill level 5 in Dodging
  8283 | D:10     | Entered Level 10 of the Dungeon
  8312 | D:10     | Reached *** piety under Cheibriados
  8456 | D:9      | Found a basalt altar of Yredelemnul.
  8487 | D:10     | Reached skill level 6 in Dodging
  8589 | D:10     | Reached skill level 10 in Hexes
  8591 | D:10     | Reached **** piety under Cheibriados
  8667 | D:10     | Noticed Joseph
  8728 | D:10     | Learned a level 3 spell: Regeneration
  8775 | D:8      | Reached XP level 11. HP: 43/54 MP: 21/21
  8778 | D:8      | Reached skill level 1 in Long Blades
  8843 | D:8      | Reached skill level 2 in Long Blades
  9110 | D:9      | Found a shimmering altar of Xom.
  9178 | D:9      | Reached skill level 3 in Long Blades
  9245 | D:10     | Banished Joseph
  9291 | D:10     | Found a staircase to the Lair.
  9398 | D:10     | Reached skill level 5 in Fighting
  9433 | D:10     | Reached ***** piety under Cheibriados
  9490 | D:10     | Found a staircase to the Orcish Mines.
  9595 | D:10     | Reached skill level 4 in Long Blades
  9695 | Lair:1   | Entered Level 1 of the Lair of Beasts
 10400 | Lair:2   | Reached skill level 5 in Long Blades
 10625 | Lair:2   | You fall through a shaft!
 10644 | Lair:3   | Reached skill level 7 in Dodging
 10663 | Lair:3   | Found a staircase to the Snake Pit.
 10672 | Lair:3   | Found an ancient bone altar of Kikubaaqudgha.
 10812 | Lair:3   | Noticed a death yak
 10815 | Lair:3   | Noticed a death yak
 10817 | Lair:3   | Noticed a death yak
 10830 | Lair:3   | Killed a death yak
 10959 | Lair:3   | Got a coiled marble ring
 11061 | Lair:2   | Reached skill level 6 in Long Blades
 11309 | Lair:2   | Killed a death yak
 11309 | Lair:2   | Reached skill level 6 in Fighting
 11449 | Lair:2   | Killed a death yak
 11449 | Lair:2   | Gained mutation: You regenerate. [Vine Stalker growth]
 11449 | Lair:2   | Reached XP level 12. HP: 40/61 MP: 18/22
 11598 | Lair:3   | Reached ****** piety under Cheibriados
 11864 | Lair:3   | Noticed a seven-headed hydra
 11874 | Lair:3   | Reached skill level 7 in Long Blades
 11880 | Lair:3   | Reached skill level 1 in Invocations
 11890 | Lair:3   | Killed a seven-headed hydra
 12420 | Lair:4   | Reached skill level 2 in Invocations
 12849 | Lair:4   | Reached skill level 7 in Fighting
 12849 | Lair:4   | Reached skill level 8 in Long Blades
 12849 | Lair:4   | Reached skill level 3 in Invocations
 12890 | Lair:4   | Found a staircase to the Shoals.
 13132 | Lair:5   | Reached skill level 9 in Long Blades
 13135 | Lair:5   | Reached skill level 4 in Invocations
 13543 | Lair:5   | Reached XP level 13. HP: 68/68 MP: 23/23
 13733 | Lair:6   | Reached skill level 8 in Fighting
 13869 | Lair:6   | Identified the ring "Susm" {MR+ Str+2} (You found it on level 3 of the Lair of Beasts)
 14082 | Lair:6   | Reached skill level 5 in Invocations
 14249 | Lair:6   | Reached skill level 10 in Long Blades
 15139 | Lair:7   | Reached skill level 6 in Invocations
 15310 | Lair:7   | Reached skill level 9 in Fighting
 15625 | Lair:7   | Reached skill level 11 in Long Blades
 16030 | Lair:4   | Reached skill level 7 in Invocations
 16380 | Lair:1   | Reached XP level 14. HP: 75/75 MP: 24/24
 16896 | D:11     | Reached skill level 8 in Invocations
 17371 | D:11     | Reached skill level 12 in Long Blades
 17754 | D:11     | Reached skill level 1 in Shields
 17834 | D:12     | Reached skill level 2 in Shields
 18018 | D:12     | Reached skill level 3 in Shields
 18154 | D:12     | Found Upryop's Weapon Boutique.
 19135 | D:13     | Reached skill level 4 in Shields
 19152 | D:13     | Found a gate to the Vaults.
 19719 | D:14     | Reached skill level 13 in Long Blades
 20898 | Lair:8   | Entered Level 8 of the Lair of Beasts
 20979 | Lair:8   | Reached XP level 15. HP: 79/79 MP: 25/25
 21030 | Lair:8   | Reached skill level 1 in Armour
 21131 | Lair:8   | Reached skill level 2 in Armour
 21225 | Lair:8   | Reached skill level 3 in Armour
 21472 | Lair:8   | Reached skill level 10 in Fighting
 21509 | Lair:8   | Reached skill level 4 in Armour
 21606 | Lair:8   | Reached skill level 9 in Invocations
 21717 | Lair:8   | Reached skill level 10 in Invocations
 21720 | Lair:8   | Found a shimmering altar of Xom.
 21890 | Lair:8   | Reached skill level 11 in Invocations
 22156 | Lair:8   | Reached skill level 12 in Invocations
 22595 | Lair:8   | Reached skill level 13 in Invocations
 22945 | Orc:1    | Entered Level 1 of the Orcish Mines
 23432 | Orc:2    | Entered Level 2 of the Orcish Mines
 23612 | Orc:2    | Found a staircase to the Elven Halls.
 23656 | Orc:2    | Found Zial's Distillery.
 23663 | Orc:2    | Bought a potion of might for 56 gold pieces
 23663 | Orc:2    | Bought 2 potions of agility for 112 gold pieces
 23663 | Orc:2    | Bought a potion of might for 56 gold pieces
 23784 | Orc:2    | Reached skill level 14 in Invocations
 23805 | Orc:2    | Noticed an orc warlord
 23858 | Orc:2    | Reached XP level 16. HP: 85/85 MP: 27/27
 23889 | Orc:2    | Reached skill level 15 in Invocations
 23994 | Orc:2    | Found a roughly hewn altar of Beogh.
 23997 | Orc:2    | Found Qipoitik's General Store.
 24021 | Orc:2    | Found Cieze's Jewellery Shop.
 24037 | Orc:2    | Found Beebuun's Antique Armour Shop.
 24053 | Orc:2    | Found Jyph's Antique Weapon Shop.
 24536 | Orc:2    | Bought the ring of Robustness {AC+8} for 2176 gold pieces
 24556 | Orc:2    | Bought a scroll of identify for 28 gold pieces
 24556 | Orc:2    | Bought a scroll of identify for 28 gold pieces
 24728 | D:15     | Entered Level 15 of the Dungeon
 24748 | D:15     | Noticed Sonja
 24748 | D:15     | Killed Sonja
 25028 | D:15     | Mangled by a skeletal warrior

Vault maps used:
D:1:      dpeg_arrival_fog, kennysheep_decorative_pillar
D:3:      kennysheep_generic_room_11
D:4:      grunt_temple_overflow_open, first_bread, minmay_liquid_box,
          due_unseen_surprise, uniq_pikel
D:5:      grunt_temple_overflow_forces_of_nature, kennysheep_mini_moat,
          nicolae_dithmenos_through_a_glass_darkly
D:6:      kennysheep_ying_yang, gammafunk_temple_overflow_claw,
          minmay_misc_feat_room, minmay_ogre_servants
D:7:      temple_doors_e, serial_shops, shop, the_bakery
D:9:      hangedman_feature_mirror, hangedman_decor_points
D:10:     david_lair_shrubbed, david_orc_4, eino_small_chamber_without_monster,
          uniq_joseph
D:11:     minmay_tree_intersection, nicolae_two_hexagons
D:12:     serial_shops, shop, special_room, dk_noncrumbling_2,
          kennysheep_generic_room_4
D:13:     david_vaults_4
D:14:     roderic_roman_lattice
D:15:     grunt_enter_depths_magical_seal, uniq_sonja
Temple:   hc_temple_tempest_star_small
Lair:3:   dpeg_oklob_gauntlet, dummy_snake_entry, basic_altar,
          grunt_megastairs_3
Lair:4:   elwin_shoals_entry_stream
Lair:5:   serial_bayou_shore_b, infiniplex_staircase_pool_2
Lair:6:   minmay_slime_entry_oklob_open, serial_bayou_shore_a,
          grunt_megastairs_4
Lair:7:   wad_woods_road_05
Lair:8:   hangedman_lair_caniforms_friends, hangedman_lair_tendril_chambers,
          lemuel_oklob_altar
Orc:2:    grunt_orc_cross, serial_shops, shop_fountains

Vanquished Creatures
  An orc warlord
  An ice dragon
  9 hydras
  2 catoblepae
  A centaur warrior
  A death knight
  An ogre mage
  9 death yaks
  An orc high priest Sonja
  5 skeletal warriors
  3 unseen horrors
  The ghost of st0uf the Covert, a novice OpAs of Ashenzari
  A phantasmal warrior
  5 hill giants
  7 orc knights Pikel
  4 griffons
  An oklob plant
  5 orc sorcerers
  5 ugly things
  A wolf spider
  3 cyclopes
  2 hornets
  4 manticores
  4 sirens
  8 elephants
  A guardian serpent
  A guardian serpent (shapeshifter)
  A torpor snail
  13 black mambas
  A naga mage
  A gargoyle
  15 spiny frogs
  6 komodo dragons
  An efreet
  2 fire drakes
  2 freezing wraiths
  A queen bee
  5 trolls
  A boulder beetle
  8 polar bears
  3 two-headed ogres
  30 blink frogs
  3 slime creatures
  2 raiju
  5 dancing weapons
  A centaur simulacrum
  A redback
  A shadow
  A spriggan
  4 wyverns
  A vampire
  56 yaks
  3 wraiths
  A basilisk
  8 hippogriffs
  3 vampire mosquitoes
  13 wolves
  A mottled dragon
  10 wargs
  2 soldier ants
  9 porcupines
  4 hell hounds
  23 water moccasins
  4 sky beasts
  A phantom
  4 ice beasts
  13 black bears
  An eye of draining
  44 orc warriors
  8 wasps
  2 necrophages
  3 slaves
  The ghost of YrmMerkstave the Ruffian, an amateur DrTm
  5 centaurs
  16 ogres
  24 crocodiles
  10 big kobolds
  29 giant frogs
  A gnoll sergeant
  A wyvern skeleton
  4 scorpions
  53 killer bees
  10 wights
  2 electric eels
  6 crimson imps
  2 giant frog zombies
  2 jellies
  A quasit
  2 wasp zombies
  20 hounds
  36 orc wizards
  3 centaur skeletons
  29 orc priests
  2 giant frog skeletons
  20 worker ants
  16 iguanas
  A killer bee zombie
  16 sheep
  A hound skeleton
  2 worker ant zombies
  6 gnolls
  20 adders
  43 river rats
  5 shadow imps
  An ooze
  An adder zombie
  2 worms
  5 giant geckos
  113 orcs
  5 giant cockroaches
  15 goblins
  7 hobgoblins
  11 jackals
  6 quokkas
  2 ball pythons
  5 bats
  3 giant newts
  30 kobolds
  2 quokka skeletons
  7 rats
  41 fungi
  62 plants
1118 creatures vanquished.
